cohdb
Replays
Latest Replays
All Replays
Popular Replays
Top Player Replays
Match Explorer
How It Works
Community
CoH3 Stats
Reddit
Sign in to upload your games and track your stats! →
Sign in with Steam
Match 47269772
Unlisted
Match 47269772
Overview
Messages
Build Orders
End
Construct Infanterie Kompanie
Grenadier Squad
Selects Italian Coastal Battlegroup
Grenadier Squad
MG 42 Machine Gun Team
Selects Coastal Reserves
Selects Artillery Officer
Construct Panzergrenadier Kompanie
251 Medium Carrier
Support Elements
Medical Station
StuG III G Assault Gun
MG 42 Bunker
t. Alberto Barbosa
RongZhen Nie
Gawr Gura's Top Shrimp
CiscoCrisco
Bebop
1003604386
JVM
给爷冲
0
0
Comments
sign in to comment!
No comments posted yet!